 Dungeon Crawl Stone Soup version 0.29-a0-541-gaf1fc19f1b (webtiles) character file.

Game seed: 1991284983116295298

7 Hubjo the Firebug (level 1, 0/11 HPs)
             Began as a Deep Elf Fire Elementalist on June 2, 2022.
             Slain by Terence
             ... wielding a +0 flail
              (11 damage)
             ... on level 2 of the Dungeon.
             The game lasted 00:00:11 (485 turns).

Hubjo the Firebug (Deep Elf Fire Elementalist)       Turns: 485, Time: 00:00:13

Health: 0/11       AC:  2    Str:  5    XL:     1   Next: 83%
Magic:  2/6        EV: 12    Int: 19    God:
Gold:   7          SH:  0    Dex: 15    Spells: 5/6 levels left

rFire   . . .      SeeInvis .   (no weapon)
rCold   . . .      Faith    .   (no shield)
rNeg    . . .      Spirit   .   a - +0 robe
rPois   .          Reflect  .   (no helmet)
rElec   .          Harm     .   (no cloak)
rCorr   .          Rampage  .   (no gloves)
Will    .....                   (no boots)
Stlth   ++........              (no amulet)
HPRegen 0.03/turn               (no ring)
MPRegen 0.10/turn               (no ring)

@: no status effects
A: no striking features
a: no special abilities


You were on level 2 of the Dungeon.
You visited 1 branch of the dungeon, and saw 2 of its levels.

You collected 7 gold pieces.

Inventory:

Armour
 a - a +0 robe (worn)
Potions
 b - a potion of magic
 c - a potion of invisibility {unknown}


   Skills:
 * Level 0.5 Fighting
 - Level 2.4 Dodging
 + Level 2.6 Stealth
 + Level 3.1 Spellcasting
 - Level 1.1 Conjurations
 + Level 3.4 Fire Magic


You had 5 spell levels left.
You knew the following spells:

 Your Spells              Type           Power      Damage    Failure   Level
a - Foxfire               Conj/Fire      44%        2x1d6     6%          1

Your spell library contained the following spells:

 Spells                   Type           Power      Damage    Failure   Level
 Scorch                   Fire           30%        2d7       5%          2
 Conjure Flame            Conj/Fire      11%        6-21      19%         3
 Inner Flame              Hex/Fire       9%         N/A       22%         3
 Flame Wave               Conj/Fire      11%        2d5       52%         4


Dungeon Overview and Level Annotations

Branches:
Dungeon (1/15)

Altars:

Annotations:
D:2 Terence


Message History

You conjure some foxfire!
Your foxfire dissipates! x2
Key pressed, stopping explore.
You conjure some foxfire!
Your foxfire dissipates!
Your foxfire dissipates!
You see here a +0 dagger.
Key pressed, stopping explore.
You conjure some foxfire!
Your foxfire dissipates!
You see here a frilled lizard corpse.
Things that are here:
a +0 whip; 4 stones; a kobold corpse You conjure some foxfire!
No target in view!
You conjure some foxfire!
Your foxfire dissipates! x2
Your foxfire dissipates! x2
Terence the Incautious comes into view.
He is wielding a +0 flail and carrying a wand of polymorph (10).
Found a pair of runed boots.
Terence is nearby!
You conjure some foxfire!
Terence is nearby!
Terence shouts!
The foxfire hits Terence but does no damage.
You conjure some foxfire!
The foxfire hits Terence.
Terence is lightly wounded.
Terence is nearby!
The foxfire hits Terence but does no damage.
Terence is lightly wounded.
You conjure some foxfire!
The foxfire hits Terence.
Terence is moderately wounded.
Terence is nearby!
You conjure some foxfire!
The foxfire hits Terence.
Terence is heavily wounded.
The foxfire hits Terence but does no damage.
Terence is heavily wounded.
Terence hits you with a +0 flail!
Ouch! That really hurt!
You die...

## ##.# ##
##...## .#
##.....## .#
##...[...##.####
#.....v.§.......
#.....@@v...###..
#.#######........
#.# #.#..##.. #.#
#.# .# #.# #.# ..
#.# #.# ## #.#
#.# #.#######.#
#...)..†).#


You could see Terence (ally target).

Vanquished Creatures
  A kobold (D:2)
  2 ball pythons (D:1)
  3 bats
  A frilled lizard (D:2)
7 creatures vanquished.

Vanquished Creatures (others)
  56 foxfires
56 creatures vanquished.

Grand Total: 63 creatures vanquished

Notes
Turn   | Place    | Note
-------+----------+-------------------------------------------
     0 | D:1      | Hubjo the Deep Elf Fire Elementalist began the quest for
                  | the Orb.
     0 | D:1      | Reached XP level 1. HP: 10/10 MP: 6/6
   230 | D:1      | You fall into a shaft and drop 1 floor!
   479 | D:2      | Noticed Terence
   485 | D:2      | Slain by Terence

Illustrated notes

Levels and vault maps discovered:
D:1:      dpeg_arrival_castle, layout_basic,
          hellmonk_ecumenical_altar_watching_god
D:2:      layout_loops_ring, basic_altar, uniq_crazy_yiuf_cottage, uniq_terence

Action                   || total
-------------------------++-------
 Cast: Foxfire           ||    37
Dodge: Dodged            ||     1

Table legend: (Time is in decaauts)
 A = Elapsed time spent in this place.
 B = Non-inter-level travel time spent in this place.
 C = Inter-level travel time spent in this place.
 D = Time resting spent in this place.
 E = Time spent auto-exploring this place.
 F = Levels seen in this place.
 G = Mean time per level.
                   A        B        C        D        E       F      G
               +--------+--------+--------+--------+--------+-----+--------+
         Total |    484 |    484 |      0 |      0 |    428 |   2 |  242.0 |
       Dungeon |    484 |    484 |      0 |      0 |    428 |   2 |  242.0 |
               +--------+--------+--------+--------+--------+-----+--------+

Top non-repeatable levels by time:
     D:2: 254 daAuts
     D:1: 230 daAuts
